 Dungeon Crawl Stone Soup version 0.20.2-3-g29329e0561 (webtiles) character file.

89 Alfie the Covered (level 4, 0/40 HPs)
             Began as a Hill Orc Fighter on Apr 10, 2024.
             Succumbed to a worker ant's poison
             ... on level 3 of the Dungeon.
             The game lasted 00:03:50 (1287 turns).

Alfie the Covered (Hill Orc Fighter)                Turns: 1287, Time: 00:03:50

Health: 0/40       AC:  7    Str: 24    XL:     4   Next: 55%
Magic:  4/4        EV:  8    Int: 13    God:
Gold:   103        SH: 10    Dex: 15    Spells: 3/3 levels left

rFire    . . .     SeeInvis .   a - +0 rapier
rCold    . . .     Gourm    .   c - +0 shield
rNeg     . . .     Faith    .   b - +0 scale mail
rPois    .         Spirit   .   (no helmet)
rElec    .         Reflect  .   (no cloak)
rCorr    .         Harm     .   (no gloves)
MR       .....                  (no boots)
Stlth    ..........             (no amulet)
Regen    0.2/turn               r - +5 ring of dexterity
MPRegen  0.1/turn               (no ring)

@: mighty, brilliant, lethally poisoned (0 -> -3), flying, invisible
A: no striking features
a: no special abilities


You were on level 3 of the Dungeon.
You were not hungry.

You visited 1 branch of the dungeon, and saw 3 of its levels.

You collected 103 gold pieces.

Inventory:

Hand Weapons
 a - a +0 rapier (weapon)
Armour
 b - a +0 scale mail (worn)
 c - a +0 shield (worn)
Jewellery
 r - a +5 ring of dexterity (left hand)
 u - an uncursed ring of flight {unknown}
Scrolls
 e - 5 scrolls of identify {unknown}
 g - 2 scrolls of enchant armour {unknown}
 h - a scroll of fear {unknown}
 i - 2 scrolls of noise {unknown}
 m - 2 scrolls of recharging {unknown}
 n - a scroll of remove curse {unknown}
 q - a scroll of blinking {unknown}
 v - a scroll of teleportation {unknown}
Potions
 d - a potion of might
 k - a potion of haste
Comestibles
 f - 3 bread rations
 l - a royal jelly
 t - 2 meat rations


   Skills:
 + Level 3.9 Fighting
 + Level 2.8 Short Blades
 + Level 4.1 Armour
 + Level 0.5 Dodging
 + Level 4.1 Shields


You had 3 spell levels left.
You didn't know any spells.

Dungeon Overview and Level Annotations

Branches:
Dungeon (3/15)

Altars:
Dithmenos
Ru

Annotations:
D:3 Grinder


Message History

You feel clever all of a sudden. Grinder gestures at you.
You suddenly lose the ability to move!
Grinder blinks!
The worker ant bites you but does no damage.
The worker ant bites you but does no damage.
The worker ant bites you.
* * * LOW HITPOINT WARNING * * *
You are lethally poisoned!
The worker ant poisons you!
* * * LOW HITPOINT WARNING * * *
You feel sick.
Grinder blinks!
The worker ant bites you but does no damage.
You can move again.
It was a potion of magic.
Magic courses through your body. The worker ant bites you.
* * * LOW HITPOINT WARNING * * *
It was a potion of invisibility.
You fade into invisibility!
You die...

.#. ... #.#
#.. #.# #.#
#
#.##K###..
#.@ao.....
#.##.##...
#.##.#
#..#.# ...
##.#.# ....
#.#.#
.....##.#.#
..........#
..........#
..


You could see a worker ant, an orc and a kobold (berserk).

Vanquished Creatures
  An orc wizard (D:2)
  An adder (D:3)
  An ooze (D:1)
  2 dart slugs
  2 leopard geckos
  4 orcs (D:3)
  3 bats (D:2)
  3 giant cockroaches (D:1)
  6 goblins
  2 hobgoblins (D:2)
  2 jackals (D:1)
  3 kobolds
  2 frilled lizards (D:2)
  2 rats
34 creatures vanquished.

Notes
Turn   | Place    | Note
-------+----------+-------------------------------------------
     0 | D:1      | Alfie the Hill Orc Fighter began the quest for the Orb.
     0 | D:1      | Reached XP level 1. HP: 19/19 MP: 1/1
   224 | D:1      | Reached XP level 2. HP: 23/27 MP: 2/2
   668 | D:2      | Reached XP level 3. HP: 33/33 MP: 3/3
   783 | D:2      | Found a sacrificial altar of Ru.
   803 | D:2      | Reached XP level 4. HP: 40/40 MP: 4/4
  1165 | D:3      | Found a shadowy altar of Dithmenos.
  1269 | D:3      | Noticed Grinder
  1276 | D:3      | Paralysed by Grinder for 2 turns
  1281 | D:3      | Paralysed by Grinder for 5 turns
  1285 | D:3      | HP: 2/40 [poisoned by a worker ant]
  1287 | D:3      | Succumbed to a worker ant's poison

Skill      XL: |  1  2  3  4 |
---------------+-------------+-----
Armour         | 4 |  4.1
Shields        | 4 |  4.1
Fighting       | |  3.9
Short Blades   | |  2.8
Dodging        | |  0.5

Action                   |  1- 3 |  4- 6 || total
-------------------------+-------+-------++-------
Melee: Rapier            |    87 |    64 ||   151
  Use: Potion            |       |     5 ||     5
  Eat: Royal jelly       |       |     1 ||     1
Armor: Scale mail        |    34 |    37 ||    71
Dodge: Dodged            |    26 |    26 ||    52
Block: Shield            |    43 |    31 ||    74
